 Dungeon Crawl Stone Soup version 0.30-a0-121-gb27577e5d9 (webtiles) character file.

Game seed: 6775737754371243603

1288 ytrimaz the Insei (level 8, -4/48 HPs)
             Began as an Octopode Transmuter on Sept 15, 2022.
             Slain by an ogre
             ... wielding a +0 giant club
              (14 damage)
             ... on level 6 of the Dungeon.
             The game lasted 00:07:48 (6589 turns).

ytrimaz the Insei (Octopode Transmuter)             Turns: 6589, Time: 00:07:48

Health: -4/48      AC:  2    Str:  9    XL:     8   Next: 55%
Magic:  8/11       EV: 19    Int: 18    God:
Gold:   401        SH:  0    Dex: 17    Spells: 2/11 levels left

rFire   . . .      SeeInvis .      - Unarmed
rCold   . . .      Faith    .    (shield currently unavailable)
rNeg    . . .      Spirit   .    (helmet currently unavailable)
rPois   x          Reflect  .    (no amulet)
rElec   .          Harm     .    (no ring)
rCorr   .          Rampage  .    (no ring)
Will    .....                    (no ring)
Stlth   ++........               (no ring)
HPRegen 0.16/turn                (no ring)
MPRegen 0.12/turn                (no ring)
                                 (no ring)
                                 (no ring)

@: spider-form
A: venomous fangs, almost no armour, (amphibious), 8 rings, tiny, (camouflage
1), (gelatinous body 1), (nimble swimmer 1), (tentacles)
a: End Transformation


You were on level 6 of the Dungeon.
You were a venomous arachnid creature.
You visited 1 branch of the dungeon, and saw 6 of its levels.

You collected 401 gold pieces.


Innate Abilities, Weirdness & Mutations

You are a venomous arachnid creature.
You have poisonous fangs.
You are tiny and dextrous.
Your spellcasting is less reliable in this form.
Your armour is entirely melded.
You are incapable of wielding weapons or throwing items.
You cannot wear most types of armour.
((You are amphibious.))
You can wear up to eight rings at the same time.
((Your skin changes colour to match your surroundings (Stealth+).))
((Your rubbery body absorbs attacks. (AC +1, EV +1)))
((You are camouflaged when in or above water. (Stealth+)))
((You have tentacles for arms and can constrict up to eight enemies at once.))


   Skills:
 - Level 1.0 Fighting
 - Level 2.0 Dodging
 + Level 6.7 Unarmed Combat
 - Level 2.0 Spellcasting
 + Level 6.2 Transmutations
 - Level 4.0 Ice Magic
 - Level 4.0 Poison Magic


You had 2 spell levels left.
You knew the following spells:

 Your Spells              Type           Power      Damage    Failure   Level
a - Ice Form              Ice/Tmut       20%        N/A       43%         4
b - Wereblood             Tmut           24%        N/A       9%          2
c - Spider Form           Tmut/Pois      20%        N/A       19%         3

Your spell library contained the following spells:

 Spells                   Type           Power      Damage    Failure   Level
 Beastly Appendage        Tmut           48%        N/A       6%          1
 Poisonous Vapours        Pois/Air       18%        N/A       28%         2
 Cigotuvi's Dreadful Rot  Necr/Pois/Air  12%        N/A       34%         2

Inventory:

Jewellery
 k - an amulet of faith
   (You found it on level 5 of the Dungeon)
 l - a ring of flight
   (You took it off an orc on level 5 of the Dungeon)
Wands
 o - a wand of light (7)
   (You found it on level 5 of the Dungeon)
Scrolls
 b - 3 scrolls of poison
 j - 2 scrolls of teleportation
 m - a scroll of magic mapping
Potions
 a - a potion of cancellation {unknown}
 c - 3 potions of curing
 d - 2 potions of resistance
 e - 2 potions of ambrosia {unknown}
 f - a potion of heal wounds {unknown}
 g - 3 potions of haste
 h - a potion of brilliance
 i - a potion of degeneration {unknown}
 n - 2 potions of mutation {unknown}

Dungeon Overview and Level Annotations

Branches:
Dungeon (6/15) Zot: 26962
 Temple: D:4-7

Altars:
Okawaru
The Shining One

Shops:
D:6

* ..... #... # ##..#
#.#... ##
#.#..######### ..
#...∩........#
.###.###.#...<....#
............).....#
.#.#...s.#...........
.......O.#...........
.#.#..#.###..........
# #..#.# #.......##.
#.##.# #......... ..
..# #......... .#.
..# #......... .. <.#


You could see an ogre.


Message History

Your transformation is almost over.
You see here a hound corpse.
Your transformation has ended. 😎 HP[+2] MP[+2]
Your hp is fully restored (48).
Your mp is fully restored (11).
You now have 380 gold pieces (gained 5).
You now have 394 gold pieces (gained 14).
o - a wand of light (7) Unknown command.
You now have 401 gold pieces (gained 7).
You see here a hound corpse.
Key pressed, stopping explore.
An iguana comes into view.
Found an escape hatch in the floor.
An iguana is nearby!
An iguana is nearby!
An iguana is nearby!
Casting: Spider Form (dangerous; 7% risk of failure)
Confirm with . or Enter, or press ? or * to list all spells.
You turn into a venomous arachnid creature.
The iguana hisses angrily. 😎 MP[-3]
You lost 3 mp, and now have 8/11 mp.
Unknown command.
The iguana closely misses you.
Unknown command.
You hit the iguana.
The iguana is poisoned.
The iguana barely misses you.
You hit the iguana but do no damage.
The iguana looks as sick as possible!
Unknown command.
You bite the iguana!
The iguana looks as sick as possible!
The iguana bites you but does no damage.
You hit the iguana.
You kill the iguana!
Unknown command.
Your transformation is almost over.
You see here an iguana corpse.
Your transformation has ended.
There is an escape hatch in the floor here.
You see here an iguana corpse.
Done exploring. 😎 MP[+3]
Your mp is fully restored (11).
Done exploring.
Unknown command.
Done exploring.
Done exploring.
Unknown command.
You see here an iguana corpse.
There is an escape hatch in the floor here.
There is a stone staircase leading down here.
Unknown command.
You climb downwards.
Found Munuir's General Store.
There is a stone staircase leading up here.
Okay, then.
Casting: Spider Form (dangerous; 7% risk of failure)
Confirm with . or Enter, or press ? or * to list all spells.
You turn into a venomous arachnid creature.
The centaur shouts!
The centaur misses you.
The centaur completely misses you. 😎 MP[-3]
You lost 3 mp, and now have 8/11 mp.
You hit the centaur.
The centaur is poisoned.
The centaur hits you.
The centaur completely misses you. 😕 HP[-5]
You take 5 damage, and now have 43/48 hp.
Unknown command.
You bite the centaur!
The centaur looks as sick as possible!
The centaur barely misses you. The centaur kicks you.
The centaur misses you. x2 😕 HP[-2]
You take 2 damage, and now have 41/48 hp.
Unknown command.
You hit the centaur.
The centaur looks as sick as possible!
You kill the centaur!
Unknown command.
Things that are here:
a +0 shortbow; a centaur corpse; 😕 HP[+1]
There is an entrance to Munuir's General Store here.
Your transformation is almost over.
An ogre comes into view.
It is wielding a +0 giant club. 😕 HP[+4] MP[+3]
You regained 4 hp, and now have 46/48 hp.
Your mp is fully restored (11).
Unknown command.
Found a stone staircase leading down.
Casting: Spider Form (dangerous; 19% risk of failure)
Confirm with . or Enter, or press ? or * to list all spells.
You extend your transformation's duration. 😕 MP[-3]
You lost 3 mp, and now have 8/11 mp.
Unknown command.
Found a stone staircase leading up.
The ogre hits you with a +0 giant club!!!
Ouch! That really hurt!
* * * LOW HITPOINT WARNING * * *
😱 HP[-36]
You take 36 damage, and now have 10/48 hp.
MASSIVE DAMAGE!! (PAUSE)
You bite the ogre! The ogre hits you with a +0 giant club!
You die...

Skill      XL: |  1  2  3  4  5  6  7  8 |
---------------+-------------------------+-----
Poison Magic   | 3 4 |  4.0
Unarmed Combat | 4 5 6 |  6.7
Transmutations | 3 4 5 6 |  6.2
Ice Magic      | 2 4 |  4.0
Fighting       | |  1.0
Dodging        | |  2.0
Spellcasting   | |  2.0

Action                   |  1- 3 |  4- 6 |  7- 9 || total
-------------------------+-------+-------+-------++-------
Melee: Unarmed           |    71 |   118 |   149 ||   338
       Constrict         |    21 |     7 |     2 ||    30
       Kick              |    14 |       |       ||    14
       Tentacles         |     9 |     6 |     3 ||    18
       Punch             |     3 |       |       ||     3
 Cast: Beastly Appendage |    11 |       |       ||    11
       Spider Form       |       |    16 |    22 ||    38
       Wereblood         |       |     2 |     5 ||     7
 Abil: End Transformatio |       |       |     1 ||     1
  Use: Scroll            |     2 |     7 |     4 ||    13
       Potion            |     1 |     2 |     1 ||     4
 Stab: Sleeping          |     3 |     5 |       ||     8
Armor: Skin              |     4 |     8 |     8 ||    20
Dodge: Dodged            |    48 |   102 |   102 ||   252

Levels and vault maps discovered:
D:1:      saegor_arrival_simple_b, layout_basic,
          dilly_ecumenical_altar_fadedgnrine
D:2:      layout_basic, kennysheep_another_room, uniq_sigmund
D:3:      layout_loops_ring, mainiacjoe_overflow_cross_hatched,
          minmay_divided_ellipse
D:4:      layout_loops_ring, mainiacjoe_overflow_concentric_impassable,
          minmay_splitting_lines, uniq_robin
D:5:      minmay_spotlight, layout_loops_cross
D:6:      layout_basic, kennysheep_mini_moat,
          nicolae_uskayaw_murder_on_the_dancefloor, serial_shops, shop,
          nicolae_shop_statue_plus

Notes
Turn   | Place    | Note
-------+----------+-------------------------------------------
     0 | D:1      | ytrimaz the Octopode Transmuter began the quest for the
                  | Orb.
     0 | D:1      | Reached XP level 1. HP: 13/13 MP: 3/3
     0 | D:1      | magus.rc [v1.9.6]
   221 | D:1      | Reached XP level 2. HP: 14/18 MP: 5/5
  1205 | D:1      | Reached XP level 3. HP: 19/23 MP: 4/6
  1221 | D:1      | Learned a level 2 spell: Wereblood
  1225 | D:1      | Learned a level 3 spell: Spider Form
  1579 | D:1      | Found a faded altar of an unknown god.
  1961 | D:2      | Reached skill level 1 in Poison Magic
  2070 | D:2      | Noticed Sigmund
  2082 | D:2      | Killed Sigmund
  2083 | D:2      | Reached skill level 4 in Unarmed Combat
  2083 | D:2      | Reached skill level 3 in Transmutations
  2083 | D:2      | Reached skill level 3 in Poison Magic
  2083 | D:2      | Reached XP level 4. HP: 28/28 MP: 7/7
  2083 | D:2      | Reached XP level 5. HP: 33/33 MP: 8/8
  2207 | D:2      | Identified the +3 hand axe of Agrienul {flame, Contam Fly
                  | Int+4 SInv}
  2296 | D:2      | You pick up a book of Vapours and begin reading...
  2296 | D:2      | You add the spells Poisonous Vapours and Cigotuvi's
                  | Dreadful Rot to your library.
  3009 | D:3      | Found a glowing golden altar of the Shining One.
  3021 | D:3      | Reached skill level 4 in Poison Magic
  3021 | D:3      | Reached XP level 6. HP: 28/38 MP: 5/9
  3412 | D:3      | Reached skill level 4 in Transmutations
  3641 | D:3      | Reached skill level 5 in Unarmed Combat
  3646 | D:3      | HP: 8/38 [gnoll/+0 spear[a gnoll bouda] (9)]
  3653 | D:3      | HP: 9/38 [gnoll/+0 spear[a gnoll bouda] (6)]
  4226 | D:4      | Found an iron altar of Okawaru.
  4247 | D:4      | Reached XP level 7. HP: 32/43 MP: 5/10
  4295 | D:4      | Reached skill level 5 in Transmutations
  4302 | D:4      | Learned a level 4 spell: Ice Form
  4716 | D:4      | Reached skill level 1 in Ice Magic
  4878 | D:4      | Noticed Robin
  4891 | D:4      | Killed Robin
  4959 | D:4      | You fall into a shaft and drop 1 floor!
  4959 | D:5      | Entered Level 5 of the Dungeon
  5298 | D:4      | Reached skill level 2 in Ice Magic
  5694 | D:5      | Reached skill level 6 in Unarmed Combat
  5706 | D:5      | Reached XP level 8. HP: 43/48 MP: 3/11
  5709 | D:5      | Reached skill level 3 in Ice Magic
  6215 | D:5      | Reached skill level 4 in Ice Magic
  6353 | D:5      | Reached skill level 6 in Transmutations
  6552 | D:6      | Found Munuir's General Store.
  6588 | D:6      | HP: 10/48 [ogre/+0 giant club (37)]
  6589 | D:6      | Slain by an ogre

Vanquished Creatures
  Sigmund (D:2)
  An ice beast (D:5)
  An ogre (D:5)
  A centaur (D:6)
  A phantom (D:5)
  2 bullfrogs
  2 scorpions
  A necrophage (D:4)
  A gnoll bouda (D:3)
  2 hounds
  3 iguanas (D:5)
  An orc wizard (D:5)
  Robin (D:4)
  4 adders
  11 gnolls
  An ufetubus (D:4)
  A worm (D:5)
  3 dart slugs
  16 orcs
  11 bats
  5 endoplasms
  3 giant cockroaches
  17 goblins
  11 hobgoblins
  6 jackals
  8 kobolds
  6 quokkas
  7 ball pythons
  8 frilled lizards
  5 rats
141 creatures vanquished.

Table legend:
 A = Non-vault XP
 B = Vault XP
 C = Vault XP percentage of total XP
 D = Non-vault monster count
 E = Vault monster count
 F = Vault count percentage of total count
                 A         B        C        D         E       F
            +---------+---------+-------+---------+---------+-------
      Total |    1375 |     466 |  25.3 |     112 |      29 |  20.6
            +---------+---------+-------+---------+---------+-------
        D:1 |      43 |       0 |   0.0 |      25 |       0 |   0.0
        D:2 |      25 |     226 |  90.0 |      17 |       1 |   5.6
        D:3 |     176 |     122 |  40.9 |      29 |      13 |  31.0
        D:4 |     424 |      35 |   7.6 |      20 |      11 |  35.5
        D:5 |     595 |      83 |  12.2 |      20 |       4 |  16.7
        D:6 |     112 |       0 |   0.0 |       1 |       0 |   0.0
            +---------+---------+-------+---------+---------+-------

Illustrated notes

Table legend:
 A = Kills in this place as a percentage of kills in entire the game.
 B = Kills by you in this place as a percentage of kills by you in the entire game.
 C = Kills by friends in this place as a percentage of kills by friends in the entire game.
 D = Other kills in this place as a percentage of other kills in the entire game.
 E = Experience gained in this place as a percentage of experience gained in the entire game.
 F = Experience gained in this place divided by the number of levels of this place that you have seen.
                   A       B       C       D       E      F
               +-------+-------+-------+-------+-------+----------------------
         Total | 100.0 | 100.0 |   N/A |   N/A | 100.0 | 306.8
       Dungeon | 100.0 | 100.0 |   N/A |   N/A | 100.0 | 306.8
               +-------+-------+-------+-------+-------+----------------------

Table legend: (Time is in decaauts)
 A = Elapsed time spent in this place.
 B = Non-inter-level travel time spent in this place.
 C = Inter-level travel time spent in this place.
 D = Time resting spent in this place.
 E = Time spent auto-exploring this place.
 F = Levels seen in this place.
 G = Mean time per level.
                   A        B        C        D        E       F      G
               +--------+--------+--------+--------+--------+-----+--------+
         Total |   6557 |   6446 |    111 |    157 |   5338 |   6 | 1092.8 |
       Dungeon |   6557 |   6446 |    111 |    157 |   5338 |   6 | 1092.8 |
               +--------+--------+--------+--------+--------+-----+--------+

Top non-repeatable levels by time:
     D:1: 1744 daAuts
     D:3: 1707 daAuts
     D:5: 1196 daAuts
     D:4: 1155 daAuts
     D:2: 716 daAuts
     D:6: 36 daAuts
